 Dungeon Crawl Stone Soup version 0.30-a0-627-gc11e7ae810 (webtiles) character file.

Game seed: 8369356133162504327

403 BaabKaare the Chopper (level 7, -1/53 HPs)
             Began as a Human Fighter on Jan 12, 2023.
             Slain by tabbu's ghost (6 damage)
             ... on level 3 of the Dungeon.
             The game lasted 00:11:10 (2496 turns).

BaabKaare the Chopper (Human Fighter)               Turns: 2496, Time: 00:11:10

Health: -1/53      AC: 10    Str: 18    XL:     7   Next: 11%
Magic:  7/7        EV:  7    Int:  8    God:
Gold:   173        SH:  5    Dex: 13    Spells: 6/6 levels left

rFire   . . .      SeeInvis .    q - +1 hand axe (freeze)
rCold   . . .      Faith    .    c - +0 buckler
rNeg    . . .      Spirit   .    n - +0 chain mail
rPois   .          Reflect  .    (no helmet)
rElec   .          Harm     .    g - +0 cloak
rCorr   .          Rampage  .    (no gloves)
Will    .....                    (no boots) Stlth
                                 (no amulet)
HPRegen 0.28/turn                (no ring)
MPRegen 0.10/turn                (no ring)

@: mighty
A: no striking features
a: no special abilities


You were on level 3 of the Dungeon.
You visited 1 branch of the dungeon, and saw 4 of its levels.

You collected 173 gold pieces.

Inventory:

Hand Weapons
 a - a +0 war axe
 q - a +1 hand axe of freezing (weapon)
Armour
 c - a +0 buckler (worn)
 g - a +0 cloak (worn)
 n - a +0 chain mail (worn)
Magical Staves
 r - a staff of conjuration
Wands
 j - a wand of digging (6)
Scrolls
 e - 3 scrolls of identify {unknown}
 f - a scroll of blinking {unknown}
 h - a scroll of torment {unknown}
 i - a scroll of immolation {unknown}
 k - a scroll of brand weapon {unknown}
 l - 2 scrolls of vulnerability {unknown}
 o - 2 scrolls of enchant armour {unknown}
 s - a scroll of poison {unknown}
 u - a scroll of magic mapping {unknown}
Potions
 b - 2 potions of flight
 m - a potion of haste {unknown}
 p - a potion of curing {unknown}
 t - a potion of mutation {unknown}


   Skills:
 + Level 3.8 Fighting
 + Level 5.0 Axes
 + Level 4.3 Armour
 + Level 1.1 Dodging
 + Level 4.0 Shields


You had 6 spell levels left.
You didn't know any spells.
Your spell library was empty.

Dungeon Overview and Level Annotations

Branches:
Dungeon (4/15)
 Temple: D:4-7

Altars:
Qazlal

Shops:
D:3 (

Portals:
Abyss: D:3

Annotations:
D:3 1 transporter, tabbu's ghost, amateur DEFE


Message History

You slash the small abomination! You freeze the small abomination.
You destroy the small abomination!
You start resting.
A small abomination is nearby!
Tabbu's ghost (amateur Deep Elf Fire Elementalist) comes into view.
It is wielding a vampiric weapon.
Found a one-way gate to the infinite horrors of the Abyss.
Tabbu's ghost turns its malevolent gaze towards you.
You hear a shout!
You hit the small abomination. You freeze the small abomination.
The small abomination is lightly damaged.
A shadow imp comes into view.
The small abomination hits you!
You hit the small abomination but do no damage.
The small abomination is lightly damaged.
The small abomination hits you!
You hit the small abomination but do no damage.
The small abomination is lightly damaged.
You hit the small abomination. You freeze the small abomination.
The small abomination is heavily damaged.
The small abomination hits you!
* * * LOW HITPOINT WARNING * * *
You feel very mighty all of a sudden. The small abomination hits you!
* * * LOW HITPOINT WARNING * * *
You slash the small abomination! You freeze the small abomination.
The small abomination is almost destroyed.
The small abomination closely misses you.
You hit the small abomination. You freeze the small abomination.
You destroy the small abomination!
You have reached level 7!
You slash the shadow imp!
You kill the shadow imp!
Your Axes skill increases to level 5!
You slash tabbu's ghost! You freeze tabbu's ghost.
Tabbu's ghost is severely damaged.
Tabbu's ghost hits you but does no damage.
You barely miss tabbu's ghost.
Tabbu's ghost is severely damaged.
Tabbu's ghost hits you.
You die...

..#... .##.#.###..?##............
..# ## #..##.#.9###............
..# # #.#..##g##............. ..#
...#...##..###.............. ..#
...#.# #................... ..#
..# .#^###..................
#.#...# ...∩#####..............
#.#..### #..##.##.............
#....#.# #W@.©#©............
.....##.# #5#####.............
.##...# # .............. .#
...... ............... .# ......
...........).... .# #####
................. .#
###########....... .# #.......
.#########################.......


You could see tabbu's ghost and a shadow imp.

Vanquished Creatures
  An ogre (D:4)
  A bullfrog (D:3)
  An orc priest (D:3)
  An iguana (D:4)
  2 small abominations (D:3)
  3 adders
  A shadow imp (D:3)
  An ufetubus (D:4)
  2 worms (D:2)
  2 dart slugs
  9 orcs (D:3)
  3 bats
  A bat zombie (D:2)
  3 endoplasms (D:1)
  3 giant cockroaches
  10 goblins
  7 hobgoblins
  4 kobolds
  3 quokkas
  9 ball pythons
  3 frilled lizards
  A jackal zombie (D:2)
  6 rats
77 creatures vanquished.

Vanquished Creatures (others)
  4 plants (D:4)
  6 withered plants
10 creatures vanquished.

Grand Total: 87 creatures vanquished

Notes
Turn   | Place    | Note
-------+----------+-------------------------------------------
     0 | D:1      | BaabKaare the Human Fighter began the quest for the Orb.
     0 | D:1      | Reached XP level 1. HP: 18/18 MP: 1/1
   183 | D:1      | Reached XP level 2. HP: 24/24 MP: 2/2
   186 | D:1      | Found a faded altar of an unknown god.
   298 | D:1      | Reached XP level 3. HP: 29/29 MP: 3/3
   964 | D:2      | Reached XP level 4. HP: 30/35 MP: 4/4
  1191 | D:2      | Reached skill level 3 in Axes
  1647 | D:4      | Noticed an ogre
  1654 | D:4      | Killed an ogre
  1655 | D:4      | Reached XP level 5. HP: 31/41 MP: 5/5
  1897 | D:3      | Noticed a toenail golem
  2022 | D:3      | Reached XP level 6. HP: 43/47 MP: 6/6
  2027 | D:3      | Reached skill level 4 in Axes
  2106 | D:3      | Found a transporter.
  2123 | D:3      | Found Niuciut's Antique Weapon Boutique.
  2166 | D:3      | Reached skill level 1 in Dodging
  2237 | D:4      | Found a stormy altar of Qazlal.
  2451 | D:3      | Found a transporter.
  2486 | D:3      | Found a one-way gate to the infinite horrors of the Abyss.
  2486 | D:3      | Noticed tabbu's ghost (amateur DEFE)
  2494 | D:3      | Reached XP level 7. HP: 4/53 MP: 7/7
  2495 | D:3      | Reached skill level 5 in Axes
  2496 | D:3      | Slain by tabbu's ghost

Illustrated notes

Levels and vault maps discovered:
D:1:      dpeg_arrival_stone_temple_mockup, layout_basic,
          ebering_ecumenical_altar_petrified, minmay_pentomino_v2
D:2:      layout_rooms, serial_undead, serial_undead_c, serial_undead_c,
          serial_undead_b, serial_undead_d, feat_on_display
D:3:      layout_basic, serial_shops, nicolae_shop_trees,
          gammafunk_ghost_abyssal_escape, roderic_roman_lattice,
          minmay_statues_item, minmay_cupped
D:4:      minmay_octagon_keep, layout_basic, nicolae_qazlal_scattered_showers,
          minmay_temple_entry_statues_fountains, serial_bayou_pond_c

Skill      XL: |  1  2  3  4  5  6  7 |
---------------+----------------------+-----
Axes           | 3 4 5 |  5.0
Armour         | 4 |  4.3
Dodging        | 1 |  1.1
Shields        | 4 |  4.0
Fighting       | |  3.8

Action                   |  1- 3 |  4- 6 |  7- 9 || total
-------------------------+-------+-------+-------++-------
Melee: War axe           |    91 |    66 |       ||   157
       Hand axe          |       |    77 |     3 ||    80
  Use: Potion            |       |     4 |       ||     4
Armor: Scale mail        |    55 |    14 |       ||    69
       Chain mail        |       |    72 |     1 ||    73
Dodge: Dodged            |    62 |    53 |       ||   115
Block: Buckler           |    34 |    37 |       ||    71

Table legend: (Time is in decaauts)
 A = Elapsed time spent in this place.
 B = Non-inter-level travel time spent in this place.
 C = Inter-level travel time spent in this place.
 D = Time resting spent in this place.
 E = Time spent auto-exploring this place.
 F = Levels seen in this place.
 G = Mean time per level.
                   A        B        C        D        E       F      G
               +--------+--------+--------+--------+--------+-----+--------+
         Total |   2575 |   2501 |     74 |    674 |    531 |   4 |  643.8 |
       Dungeon |   2575 |   2501 |     74 |    674 |    531 |   4 |  643.8 |
               +--------+--------+--------+--------+--------+-----+--------+

Top non-repeatable levels by time:
     D:1: 933 daAuts
     D:3: 807 daAuts
     D:2: 628 daAuts
     D:4: 205 daAuts
